Map: Ulrena

Players

IIIIllllllII

  • Race: Protoss Protoss
  • League: Master

State - Winner!

  • Race: Protoss Protoss
  • League: Master

VOD

Have the link to the VOD?

Description

Time

  • Played on: Feb. 1, 2016, 4:23 p.m.
  • Length: 3:51
Show
View Real Time Build Order
Export as new Build Order

IIIIllllllII Protoss 

Build Orders:  

Get SALT Encoding   

  12  0:00  Probe (Chrono Boost)  
  13  0:11  Probe (Chrono Boost)  
  14  0:18  Pylon  
  14  0:21  Probe (Chrono Boost)  
  15  0:36  Probe (Chrono Boost)  
  15  0:37  Gateway  
  16  0:43  Assimilator  
  16  0:46  Probe (Chrono Boost)  
  17  0:52  Assimilator  
  17  0:57  Probe (Chrono Boost)  
  18  1:05  Gateway  
  18  1:09  Probe (Chrono Boost)  
  19  1:19  Probe (Chrono Boost)  
  19  1:24  Cybernetics Core  
  20  1:30  Probe (Chrono Boost)  
  21  1:34  Pylon  
  21  1:40  Probe (Chrono Boost)  
  22  1:51  Probe (Chrono Boost)  
  23  2:02  Mothership Core (Chrono Boost)  
  23  2:05  Stalker (Chrono Boost)  
  23  2:06  Stalker (Chrono Boost)  
  29  2:19  Pylon  
  30  2:22  Probe  
  34  2:37  Stalker (Chrono Boost)  
  34  2:41  Stalker (Chrono Boost)  
  34  2:42  Probe  
  35  2:59  Probe  
  35  3:11  Probe  
  34  3:21  Stalker (Chrono Boost)  
  34  3:23  Probe  
  34  3:25  Stalker (Chrono Boost)  
  38  3:35  Probe  
  38  3:37  Gateway x2  
Show
View Real Time Build Order
Export as new Build Order

State Protoss - Winner!

Build Orders: Phoenix Opening 

Get SALT Encoding   

  12  0:01  Probe (Chrono Boost)  
  13  0:12  Probe (Chrono Boost)  
  14  0:19  Pylon  
  14  0:23  Probe (Chrono Boost)  
  15  0:38  Probe (Chrono Boost), Gateway  
  15  0:42  Assimilator  
  16  0:48  Probe (Chrono Boost)  
  17  0:55  Assimilator  
  17  0:59  Probe (Chrono Boost)  
  18  1:05  Gateway  
  18  1:09  Probe (Chrono Boost)  
  19  1:20  Probe (Chrono Boost)  
  20  1:26  Cybernetics Core  
  20  1:30  Probe (Chrono Boost)  
  21  1:40  Pylon  
  21  1:41  Probe (Chrono Boost)  
  22  1:51  Probe (Chrono Boost)  
  23  2:03  Stalker  
  23  2:06  Mothership Core (Chrono Boost)  
  27  2:09  Stalker  
  29  2:32  Stargate  
  30  2:43  Stalker  
  31  2:51  Pylon  
  31  3:03  Pylon  
  31  3:06  Stalker  
  31  3:13  Stalker  
  33  3:20  Phoenix (Chrono Boost)  
  35  3:35  Pylon  
Tags
 
Add a new tag
Caveats
  • Supply blocks, unpowered buildings, or Contaminate may cause inaccurate times.
  • Supply counts are checked every 10 seconds.